 Dungeon Sprint DCSS version 0.31.0-32-g396128a36d (webtiles) character file.

Game seed: 17233229325823859034

4800000 James the Axe Maniac (level 22, -16/194 HPs)
             Began as a Djinni Warper on Mar 16, 2024.
             Was the Champion of Makhleb.
             Demolished by a destroyer
             ... wielding a +9 heavy great sword
              (210 damage)
             ... in the Dungeon (Sprint VIII: "Arena of Blood").
             The game lasted 00:03:32 (48 turns).

James the Axe Maniac (Djinni Warper)                  Turns: 48, Time: 00:03:32

Health: -16/194    AC:  6    Str: 18    XL:     22   Next: 15%
Gold:   0          EV: 24    Int: 18    God:    Makhleb [******] SH:  0 Dex: 13

rFire   + + .        i - +∞ Axe of Woe
rCold   x . .        (shield currently unavailable)
rNeg    . . .        b - +0 leather armour
rPois   ∞            (no helmet)
rElec   .            (no cloak)
rCorr   .            (no gloves)
SInv    .            (boots unavailable)
Will    ++...        (no amulet)
Stlth   ++++++       (no ring)
HPRegen 0.52/turn    (no ring)
MPRegen 0.00/turn

%: no teleportation, infuse magic (-17 HP)
@: flying
A: sickness immunity, fire resistance 2, cold vulnerability 1, float, innate
caster, HP casting, extra vitality 1
a: Renounce Religion, Minor Destruction, Lesser Servant of Makhleb, Major
Destruction, Greater Servant of Makhleb


You were in the Dungeon.
You worshipped Makhleb.
Makhleb was exalted by your worship.
You visited 1 branch

Inventory:

Hand Weapons
 a - a +0 hand axe
 i - the +∞ Axe of Woe (weapon)
   (You found it in the Dungeon)
Missiles
 d - 7 darts of dispersal (quivered) {!f}
Armour
 b - a +0 leather armour (worn)
Scrolls
 c - 2 scrolls of blinking
Potions
 e - a potion of curing {@q1}
 f - a potion of heal wounds {@q2}
 g - a potion of haste {@q3}
 h - a potion of berserk rage


   Skills:
 O Level 27 Fighting
 O Level 27 Axes
 - Level 0.7 Throwing
 O Level 27 Armour
 O Level 27 Dodging
 + Level 17.8 Stealth
 O Level 27 Spellcasting
 O Level 27 Conjurations
 O Level 27 Hexes
   Level 0.0 Charms
 O Level 27 Summonings
 O Level 27 Necromancy
 O Level 27 Translocations
   Level 0.0 Transmutations
 O Level 27 Fire Magic
 O Level 27 Ice Magic
 O Level 27 Air Magic
 O Level 27 Earth Magic
 O Level 27 Alchemy
 O Level 27 Invocations
 + Level 19.2 Evocations
 + Level 16.4 Shapeshifting


You knew the following spells:

 Your Spells              Type           Power      Damage    Failure   Level
a - Lesser Beckoning      Tloc           100%       N/A       0%          2
b - Blink                 Tloc           100%       N/A       0%          2
c - Teleport Other        Tloc           88%        N/A       0%          3
d - Manifold Assault      Tloc           88%        N/A       0%          4
e - Vhi's Electric Charg  Tloc/Air       100%       N/A       0%          4
f - Shock                 Conj/Air       100%       1d9       0%          1
g - Momentum Strike       Conj/Tloc      100%       3d10      0%          2
h - Dazzling Flash        Conj/Hex       100%       N/A       0%          3
i - Sigil of Binding      Hex            88%        N/A       0%          3
j - Alistair's Intoxicat  Alch           58%        N/A       0%          5
k - Sculpt Simulacrum     Ice/Alch       44%        N/A       0%          6
l - Summon Cactus Giant   Summ           44%        N/A       0%          6
m - Haunt                 Necr/Summ      44%        N/A       1%          7
n - Ozocubu's Refrigerat  Ice            44%        4d17      1%          7
w - Summon Mana Viper     Hex/Summ       88%        N/A       0%          5
Your spell library was empty.

Dungeon Overview and Level Annotations

Branches:
Dungeon (1/1)

Altars:
Makhleb


Innate Abilities, Weirdness & Mutations

You are immune to sickness and miasma.
You are immune to poison.
Your flesh is very heat resistant. (rF++)
You are vulnerable to cold. (rC-)
You float through the air rather than walking.
You learn spells naturally, not from books.
Your magical power is your life essence.
You have superior vitality. (+4 MHP)


Message History

You kill the bag of meat!
Makhleb accepts your kill.
The tyrant appears out of thin air!
A tyrant comes into view.
The tyrant shouts!
You hear a shout!
A meat berserker comes into view. It is wielding a +9 battleaxe.
A bag of meat comes into view. It is wielding a +9 war axe. x3
Your Stealth skill gained 4 levels and is now at level 12!
Your Evocations skill gained 4 levels and is now at level 13!
Your Shapeshifting skill gained 3 levels and is now at level 11!
The bag of meat shouts!
You slice the bag of meat!!
You butcher the bag of meat messily.
You kill the bag of meat!
Makhleb accepts your kill.
You slice the bag of meat!! You chop the bag of meat into pieces.
You kill the bag of meat!
Makhleb accepts your kill.
You hit the tyrant.
You cleave the tyrant in twain.
You destroy the tyrant!
Makhleb accepts your kill.
You hear a shout! x2
The destroyer is engulfed in blazing flames.
The destroyer casts a spell at you.
The destroyer blinks!
A meat berserker comes into view. It is wielding a +9 battleaxe.
A destroyer comes into view. It is wielding a +9 heavy great sword.
The destroyer gestures at you while chanting.
The destroyer blinks!
A large bag of meat comes into view. It is wielding a +9 giant spiked club.
Your Stealth skill gained 3 levels and is now at level 15!
Your Evocations skill gained 3 levels and is now at level 16!
Your Shapeshifting skill gained 3 levels and is now at level 14!
You hit the destroyer but do no damage.
You butcher the destroyer messily.
You destroy the destroyer!
Makhleb accepts your kill.
A bag of meat comes into view. It is wielding a +9 war axe. x2
A large bag of meat comes into view. It is wielding a +9 giant spiked club.
The sculptor of flesh is engulfed in blazing flames.
The destroyer casts a spell at you.
The destroyer blinks!
Your Stealth skill gained 2 levels and is now at level 17!
Your Evocations skill gained 3 levels and is now at level 19!
Your Shapeshifting skill gained 2 levels and is now at level 16!
You have reached level 22!
A destroyer comes into view.
It is wielding a +9 heavy great sword. x2
The sculptor of flesh is engulfed in blazing flames.
The large bag of meat is engulfed in blazing flames.
The destroyer hits you with a +9 heavy great sword!!!!!
Ouch! That really hurt!
You die... oo.o Oo.....

..o.. .. #.... .#
.. #§o. ..#
...###... ..###V
.....ooo###......
#...§oO).@Vo.O...
...Oo#§§zoO#o.V.
..o #○o○._# . .
#§O§..#
..☼☼§§.O....
.....o###OO....
..###... ..###. .
#... ..# #... .#


You could see 3 destroyers, a sculptor of flesh, 4 large bags of meat, 4 meat
berserkers and 10 bags of meat.

Vanquished Creatures
  3 vampire knights (D)
  6 ogres (D)
  3 two-headed ogres (D)
  A lich (D)
  A hydra (D)
  32 orcs (D)
  3 skeletal warriors (D)
49 creatures vanquished.

Vanquished Creatures (others)
  An orc (D)
1 creature vanquished.

Grand Total: 50 creatures vanquished

Notes
Turn   | Place    | Note
-------+----------+-------------------------------------------
     0 | D        | Found the +∞ Axe of Woe
     0 | D        | James the Djinni Warper began the quest for the Orb.
     0 | D        | James set off with the following spells memorised: Blink,
                  | Lesser Beckoning, Teleport Other, Manifold Assault, Vhi's
                  | Electric Charge.
     0 | D        | Reached XP level 1. HP: 18/18 MP: 0/0
     1 | D        | Noticed a bag of meat
     3 | D        | Became a worshipper of Makhleb the Destroyer
     6 | D        | Noticed a bag of meat
     7 | D        | Killed a bag of meat
     7 | D        | Noticed a bag of meat
     8 | D        | Reached XP level 2. HP: 23/23 MP: 0/0
     8 | D        | Reached XP level 3. HP: 28/28 MP: 0/0
     8 | D        | Learned a level 1 spell: Shock
     8 | D        | Reached XP level 4. HP: 33/33 MP: 0/0
     8 | D        | Reached XP level 5. HP: 38/38 MP: 0/0
     8 | D        | Learned a level 2 spell: Momentum Strike
     8 | D        | Reached XP level 6. HP: 43/43 MP: 0/0
     8 | D        | Reached XP level 7. HP: 49/49 MP: 0/0
     8 | D        | Learned a level 3 spell: Dazzling Flash
     8 | D        | Reached XP level 8. HP: 54/54 MP: 0/0
     8 | D        | Reached XP level 9. HP: 58/58 MP: 0/0
     8 | D        | Learned a level 3 spell: Sigil of Binding
     8 | D        | Reached XP level 10. HP: 64/64 MP: 0/0
     8 | D        | Reached XP level 11. HP: 68/68 MP: 0/0
     8 | D        | Learned a level 5 spell: Alistair's Intoxication
     9 | D        | Killed a bag of meat
     9 | D        | Reached * piety under Makhleb
    10 | D        | Reached XP level 12. HP: 74/74 MP: 0/0
    10 | D        | Noticed a meat berserker
    10 | D        | Noticed a meat berserker
    10 | D        | Noticed a bag of meat
    11 | D        | Killed a bag of meat
    12 | D        | Reached XP level 13. HP: 90/90 MP: 0/0
    12 | D        | Learned a level 5 spell: Summon Mana Viper
    12 | D        | Noticed a bag of meat
    12 | D        | Noticed a bag of meat
    13 | D        | Noticed a bag of meat
    14 | D        | Killed a meat berserker
    14 | D        | Noticed a bag of meat
    14 | D        | Noticed a bag of meat
    14 | D        | Noticed a bag of meat
    15 | D        | Reached XP level 14. HP: 105/105 MP: 0/0
    15 | D        | Killed a meat berserker
    15 | D        | Reached ** piety under Makhleb
    15 | D        | Noticed a meat berserker
    16 | D        | Reached skill level 15 in Dodging
    16 | D        | Noticed a bag of meat
    16 | D        | Noticed a bag of meat
    17 | D        | Noticed a bag of meat
    18 | D        | Noticed a bag of meat
    18 | D        | Noticed a bag of meat
    18 | D        | Noticed a bag of meat
    18 | D        | Noticed a bag of meat
    19 | D        | Killed a bag of meat
    19 | D        | Killed a bag of meat
    20 | D        | Reached skill level 15 in Fighting
    20 | D        | Reached skill level 15 in Armour
    20 | D        | Reached XP level 15. HP: 121/121 MP: 0/0
    20 | D        | Learned a level 6 spell: Sculpt Simulacrum
    22 | D        | Reached *** piety under Makhleb
    23 | D        | Reached skill level 27 in Axes
    24 | D        | Reached XP level 16. HP: 134/134 MP: 0/0
    24 | D        | Killed a meat berserker
    24 | D        | Reached **** piety under Makhleb
    25 | D        | Reached ***** piety under Makhleb
    26 | D        | Reached XP level 17. HP: 149/149 MP: 0/0
    26 | D        | Learned a level 6 spell: Summon Cactus Giant
    26 | D        | Noticed a large bag of meat
    27 | D        | Noticed a large bag of meat
    29 | D        | Reached skill level 27 in Dodging
    29 | D        | Noticed an eight-headed meat hydra
    30 | D        | Reached skill level 27 in Fighting
    30 | D        | Reached skill level 27 in Armour
    30 | D        | Reached skill level 5 in Spellcasting
    30 | D        | Reached skill level 5 in Conjurations
    30 | D        | Reached skill level 5 in Hexes
    30 | D        | Reached skill level 5 in Summonings
    30 | D        | Reached skill level 5 in Necromancy
    30 | D        | Reached skill level 5 in Translocations
    30 | D        | Reached skill level 5 in Fire Magic
    30 | D        | Reached skill level 5 in Ice Magic
    30 | D        | Reached skill level 5 in Air Magic
    30 | D        | Reached skill level 5 in Earth Magic
    30 | D        | Reached skill level 5 in Alchemy
    30 | D        | Reached skill level 5 in Invocations
    30 | D        | Reached XP level 18. HP: 167/167 MP: 0/0
    30 | D        | Noticed a sculptor of flesh
    30 | D        | Noticed a destroyer
    30 | D        | Noticed a meat berserker
    32 | D        | Reached ****** piety under Makhleb
    33 | D        | Noticed a large bag of meat
    34 | D        | Reached skill level 15 in Invocations
    34 | D        | Reached XP level 19. HP: 174/174 MP: 0/0
    34 | D        | Learned a level 7 spell: Haunt
    35 | D        | Killed a sculptor of flesh
    35 | D        | Killed a large bag of meat
    35 | D        | Killed a large bag of meat
    35 | D        | Noticed a sculptor of flesh
    37 | D        | Killed a destroyer
    37 | D        | Noticed a sculptor of flesh
    38 | D        | Reached XP level 20. HP: 76/181 MP: 0/0
    38 | D        | Killed a large bag of meat
    38 | D        | Killed a meat berserker
    38 | D        | Noticed a large bag of meat
    39 | D        | Noticed a meat berserker
    39 | D        | Noticed a destroyer
    41 | D        | Noticed a meat berserker
    41 | D        | Noticed a destroyer
    41 | D        | Noticed a destroyer
    41 | D        | Noticed a meat berserker
    42 | D        | Killed a meat berserker
    42 | D        | Killed a destroyer
    42 | D        | Noticed a meat berserker
    43 | D        | Reached skill level 27 in Spellcasting
    43 | D        | Reached skill level 27 in Conjurations
    43 | D        | Reached skill level 27 in Hexes
    43 | D        | Reached skill level 27 in Summonings
    43 | D        | Reached skill level 27 in Necromancy
    43 | D        | Reached skill level 27 in Translocations
    43 | D        | Reached skill level 27 in Fire Magic
    43 | D        | Reached skill level 27 in Ice Magic
    43 | D        | Reached skill level 27 in Air Magic
    43 | D        | Reached skill level 27 in Earth Magic
    43 | D        | Reached skill level 27 in Alchemy
    43 | D        | Reached skill level 27 in Invocations
    43 | D        | Reached skill level 5 in Stealth
    43 | D        | Reached skill level 5 in Shapeshifting
    43 | D        | Reached XP level 21. HP: 167/187 MP: 0/0
    43 | D        | Learned a level 7 spell: Ozocubu's Refrigeration
    43 | D        | Noticed a large bag of meat
    43 | D        | Noticed a destroyer
    43 | D        | Noticed a large bag of meat
    45 | D        | Killed a meat berserker
    45 | D        | Killed a nine-headed meat hydra
    45 | D        | Noticed a tyrant
    45 | D        | Noticed a meat berserker
    46 | D        | Killed a tyrant
    46 | D        | Noticed a meat berserker
    46 | D        | Noticed a destroyer
    46 | D        | Noticed a large bag of meat
    47 | D        | Reached skill level 15 in Stealth
    47 | D        | Killed a destroyer
    47 | D        | Noticed a large bag of meat
    48 | D        | Reached XP level 22. HP: 194/194 MP: 0/0
    48 | D        | Noticed a destroyer
    48 | D        | Noticed a destroyer
    48 | D        | Demolished by a destroyer

Illustrated notes

Levels and vault maps discovered:
D:        meatsprint

Skill      XL: |  1  2  3  4  5  6  7  8  9 10 11 12 13 14 15 16 17 18 19 20 21 |
---------------+----------------------------------------------------------------+-----
Axes           | 21 24 25 26 27 | 27.0
Fighting       | 7 11 15 18 22 27 | 27.0
Armour         | 6 11 15 18 22 27 | 27.0
Dodging        | 7 12 17 20 24 27 | 27.0
Spellcasting   | 5 13 21 27 | 27.0
Conjurations   | 5 13 21 27 | 27.0
Hexes          | 5 13 21 27 | 27.0
Summonings     | 5 13 21 27 | 27.0
Necromancy     | 5 13 21 27 | 27.0
Translocations | 5 13 21 27 | 27.0
Fire Magic     | 5 13 21 27 | 27.0
Ice Magic      | 5 13 21 27 | 27.0
Air Magic      | 5 13 21 27 | 27.0
Earth Magic    | 5 13 21 27 | 27.0
Alchemy        | 5 13 21 27 | 27.0
Invocations    | 5 15 25 27 | 27.0
Stealth        | 5 17 | 17.8
Evocations     | 6 19 | 19.2
Shapeshifting  | 5 16 | 16.4
Throwing       | |  0.7

Action                     |  1- 3 |  4- 6 |  7- 9 | 10-12 | 13-15 | 16-18 | 19-21 | 22-24 || total
---------------------------+-------+-------+-------+-------+-------+-------+-------+-------++-------
  Melee: Executioner's axe |     1 |       |       |     2 |     5 |     8 |    11 |       ||    27
 Armour: Leather armour    |       |       |       |       |     1 |       |    10 |     1 ||    12
  Dodge: Dodged            |       |       |       |       |       |       |     1 |       ||     1
